 Dungeon Crawl Stone Soup version 0.25-a0-1119-g28b6fd0c3b (webtiles) character file.

Game seed: 7938782223556328748, levelgen mode: deterministic

1556 vurker the Archer (level 8, 50/71 HPs)
             Began as a Centaur Hunter on May 18, 2020.
             Quit the game on level 5 of the Dungeon.
             The game lasted 00:13:58 (7671 turns).

vurker the Archer (Centaur Hunter)                  Turns: 7671, Time: 00:13:58

Health: 50/71      AC: 13    Str: 18    XL:     8   Next: 58%
Magic:  8/8        EV:  3    Int: 10    God:
Gold:   193        SH:  0    Dex:  9    Spells: 7/7 levels left

rFire    . . .     SeeInvis .   b - +0 dagger (freeze)
rCold    . . .     Gourm    .   (no shield)
rNeg     . . .     Faith    .   n - +0 plate armour
rPois    .         Spirit   .   o - +0 helmet
rElec    .         Reflect  .   (no cloak)
rCorr    .         Harm     .   (no gloves)
MR       +....                  (no barding)
Stlth    ..........             (no amulet)
HPRegen  0.21/turn              f - +4 ring of protection
MPRegen  0.11/turn              h - ring of protection from magic

@: very quick
A: large, hooves 3, deformed body, speed 2, tough skin 3
a: no special abilities


You were on level 5 of the Dungeon.
You were hungry.

You visited 1 branch of the dungeon, and saw 6 of its levels.
You also visited: Sewer.

You collected 193 gold pieces.

Inventory:

Hand Weapons
 a - a +1 shortbow
 b - a +0 dagger of freezing (weapon)
   (You took it off Dowan on level 5 of the Dungeon)
Missiles
 c - 73 arrows
Armour
 n - a +0 plate armour (worn)
   (You found it on level 2 of the Dungeon)
 o - a +0 helmet (worn)
   (You found it on level 2 of the Dungeon)
Magical Staves
 z - an uncursed staff of fire
   (You found it in a sewer)
Jewellery
 f - a +4 ring of protection (left hand)
   (You found it on level 1 of the Dungeon)
 h - a ring of protection from magic (right hand)
   (You found it on level 1 of the Dungeon)
Wands
 d - a wand of iceblast (6)
   (You found it on level 5 of the Dungeon)
 t - a wand of flame (44)
   (You found it in a sewer)
 u - a wand of paralysis (12)
   (You found it on level 3 of the Dungeon)
Scrolls
 i - 3 scrolls of teleportation
 j - a scroll of fear {unknown}
 l - 2 scrolls of immolation {unknown}
 m - a scroll of remove curse
 p - 4 scrolls of enchant armour {unknown}
 q - 4 scrolls of magic mapping {unknown}
 r - a scroll of fog {unknown}
 s - a scroll of enchant weapon {unknown}
 w - a scroll of noise {unknown}
Potions
 g - 2 potions of heal wounds
 k - a potion of might
 v - a potion of stabbing {unknown}
 x - a potion of flight {unknown}
Comestibles
 e - 7 rations


   Skills:
 + Level 6.5 Fighting
 * Level 12.3 Bows
 - Level 1.3 Dodging
 - Level 0.4 Stealth


You had 7 spell levels left.
You didn't know any spells.
Your spell library contained the following spells:

 Spells                   Type           Power        Failure   Level  Hunger
 Corona                   Hex            #......      100%        1    ##.....
 Ensorcelled Hibernation  Hex/Ice        #.....       100%        2    ###....
 Confusing Touch          Hex            #.......     100%        3    ####...
 Dazzling Flash           Conj/Hex       #.....       100%        3    ####...
 Tukima's Dance           Hex            #.......     100%        3    ####...


Dungeon Overview and Level Annotations

Branches:
Dungeon (6/15)              Sewer (visited)
 Temple: D:4-7

Altars:
Ashenzari
Cheibriados
Sif Muna
Trog
Vehumet
Wu Jian
Yredelemnul

Shops:
D:4 :=(

Annotations:
D:3 3 runed translucent doors, p0werm0de's ghost, amateur OpFi
D:6 Prince Ribbit


Innate Abilities, Weirdness & Mutations

You have hooves in place of feet.
Armour fits poorly on your strangely shaped body.
You cover ground very quickly.
You have extremely tough skin. (AC +3)


Message History

Found an ornate altar of the Wu Jian Council.
You now have 193 gold pieces (gained 15).
You open the door.
There is an open door here.
Prince Ribbit comes into view.
Prince Ribbit gives a loud, deep croak!
Your +0 dagger of freezing stops glowing.
a - a +1 shortbow (weapon)
Firing (i - inventory)
c - 79 arrows (quivered)
Aim: Prince Ribbit You shoot an arrow.
The arrow closely misses Prince Ribbit.
Firing (i - inventory)
c - 78 arrows (quivered)
Aim: Prince Ribbit You shoot an arrow.
The arrow misses Prince Ribbit.
Prince Ribbit blinks!
Firing (i - inventory)
c - 77 arrows (quivered)
Aim: Prince Ribbit You shoot an arrow.
The arrow closely misses Prince Ribbit.
Firing (i - inventory)
c - 76 arrows (quivered)
Aim: Prince Ribbit You shoot an arrow.
The arrow hits Prince Ribbit.
Firing (i - inventory)
c - 75 arrows (quivered)
Aim: Prince Ribbit (lightly wounded)
You shoot an arrow. The arrow closely misses Prince Ribbit.
Firing (i - inventory)
c - 74 arrows (quivered)
Aim: Prince Ribbit (lightly wounded)
You shoot an arrow. The arrow closely misses Prince Ribbit.
Prince Ribbit blinks!
Firing (i - inventory)
c - 73 arrows (quivered)
Aim: Prince Ribbit (lightly wounded)
Okay, then.
Your +0 dagger of freezing glows with a cold blue light!
b - a +0 dagger of freezing (weapon)
You closely miss Prince Ribbit. Your kick misses Prince Ribbit.
Prince Ribbit hits you but does no damage.
Prince Ribbit blinks!
You miss Prince Ribbit. Prince Ribbit hits you.
You hit Prince Ribbit. You freeze Prince Ribbit.
Your kick misses Prince Ribbit.
Prince Ribbit blinks!
Prince Ribbit hits you!
You hit Prince Ribbit. You freeze Prince Ribbit. Prince Ribbit hits you!
Prince Ribbit hits you.
There is an open door here.
Prince Ribbit croaks regally.
Prince Ribbit blinks!
Prince Ribbit blinks!
Prince Ribbit blinks!
There is a stone staircase leading up here.
You climb upwards.
There is a stone staircase leading down here.

###########.....#..##..#
...............######[.#
...............#.......#
...............#.....).#
...............#.......#
.{.............#.......#
#'##...........#.......#
...########....#.......#
..........#....#@......#
..........#(...#.......#
...##.....#....#...##..#
..(##.....#....#...##..#
..........#....#....#..#
...##.....#....'....#..#
...########....#....#..#
...##.....#....#...##..#
...!......#....######..#


There were no monsters in sight!

Vanquished Creatures
  Pikel (D:5)
  Duvessa (D:5)
  2 slaves (D:5)
  Blork the orc (D:5)
  2 bullfrogs
  Dowan (D:5)
  3 bullfrog skeletons
  3 orc priests
  3 orc wizards
  4 worker ants
  A hound zombie (D:6)
  A worker ant zombie (D:3)
  3 gnolls (D:4)
  15 adders
  A river rat (D:5)
  2 shadow imps (D:5)
  4 oozes
  4 adder skeletons
  3 worms
  4 dart slugs
  7 leopard geckos
  12 orcs
  4 ball pythons
  6 bats
  10 giant cockroaches
  6 goblins
  3 hobgoblins
  4 jackals (D:4)
  5 kobolds
  A quokka (D:4)
  8 frilled lizards
  A giant cockroach zombie (D:2)
  2 leopard gecko skeletons (D:4)
  7 rats
135 creatures vanquished.

Notes
Turn   | Place    | Note
-------+----------+-------------------------------------------
     0 | D:1      | vurker the Centaur Hunter began the quest for the Orb.
     0 | D:1      | Reached XP level 1. HP: 17/17 MP: 1/1
   365 | D:1      | Reached XP level 2. HP: 24/24 MP: 2/2
   704 | D:1      | Reached skill level 6 in Bows
   956 | D:2      | Reached XP level 3. HP: 18/30 MP: 3/3
  1391 | D:2      | Found a snail-covered altar of Cheibriados.
  1469 | D:2      | Found a shimmering blue altar of Sif Muna.
  1586 | D:3      | Reached XP level 4. HP: 28/37 MP: 4/4
  1759 | D:3      | Found a runed translucent gate.
  1759 | D:3      | Found a runed translucent gate.
  1760 | D:3      | Found a runed translucent gate.
  1762 | D:3      | Reached skill level 7 in Bows
  1841 | D:3      | Noticed p0werm0de's ghost (amateur OpFi)
  2218 | D:3      | Found a basalt altar of Yredelemnul.
  2279 | D:3      | Reached XP level 5. HP: 35/45 MP: 5/5
  2561 | D:3      | Reached skill level 8 in Bows
  2600 | D:3      | Found a shattered altar of Ashenzari.
  2810 | D:4      | Found Cud Befu's Weapon Shoppe.
  2827 | D:4      | Reached XP level 6. HP: 49/52 MP: 6/6
  3000 | D:4      | Found a bloodstained altar of Trog.
  3268 | D:4      | Reached skill level 9 in Bows
  3486 | D:4      | Found Josided's Book Boutique.
  3504 | D:4      | Found Utith's Jewellery Shoppe.
  4519 | D:5      | Entered Level 5 of the Dungeon
  4700 | D:5      | Found a radiant altar of Vehumet.
  4710 | D:5      | Reached XP level 7. HP: 51/60 MP: 7/7
  5196 | D:5      | Found a glowing drain.
  5219 | D:5      | Reached skill level 10 in Bows
  5245 | Sewer    | Entered a sewer
  5658 | Sewer    | Reached skill level 5 in Fighting
  5762 | Sewer    | Got an opalescent robe
  5784 | D:5      | Identified the +0 robe of the Realm of Zot {rElec Str+4
                  | Slay+2} (You found it in a sewer)
  6134 | D:5      | Noticed Pikel
  6173 | D:5      | HP: 2/61 [Pikel/+1 whip of electrocution (14)]
  6711 | D:5      | Killed Pikel
  6711 | D:5      | Reached skill level 11 in Bows
  6711 | D:5      | Reached XP level 8. HP: 70/70 MP: 8/8
  7015 | D:5      | Noticed Blork the orc
  7017 | D:5      | Noticed Dowan
  7196 | D:5      | Killed Blork the orc
  7196 | D:5      | Reached skill level 12 in Bows
  7233 | D:5      | Noticed Duvessa
  7270 | D:5      | Killed Duvessa
  7404 | D:5      | Killed Dowan
  7611 | D:6      | Found an ornate altar of the Wu Jian Council.
  7623 | D:6      | Noticed Prince Ribbit
  7671 | D:5      | Quit the game

Illustrated notes

Levels and vault maps discovered:
D:1:      lightli_arrival_flooded_house, layout_basic
D:2:      layout_rooms, cheibriados_altar_1, led_sif_pool
D:3:      layout_loops_ring, nicolae_overflow_hidden_temple, gammafunk_ghost_icy
D:4:      layout_basic, lemuel_round_altar, serial_shops, nicolae_shop_trees,
          shop_fountains, nicolae_shop_competitors_out_of_business, first_ration
D:5:      layout_gridville, overflow_temple_1_default, portal_sewer_entry_b,
          uniq_blork_the_orc, uniq_duvessa, uniq_pikel
D:6:      layout_gridville, old_standard_altar, uniq_prince_ribbit1

Skill      XL: |  1  2  3  4  5  6  7  8 |
---------------+-------------------------+-----
Bows           | 6 7 8 9 11 12 | 12.3
Fighting       | 3 4 6 |  6.5
Dodging        | |  1.3
Stealth        | |  0.4

Action                   |  1- 3 |  4- 6 |  7- 9 || total
-------------------------+-------+-------+-------++-------
Melee: Short sword       |    49 |       |       ||    49
       Kick              |    32 |    61 |    54 ||   147
       Dagger            |    84 |   240 |   225 ||   549
 Fire: Shortbow          |    14 |    84 |   117 ||   215
  Use: Scroll            |       |     4 |     2 ||     6
  Eat: Chunk             |     1 |     9 |     4 ||    14
       Ration            |       |       |     1 ||     1
Armor: Leather armour    |    40 |       |       ||    40
       Plate armour      |    22 |   224 |   241 ||   487
Dodge: Dodged            |    65 |    44 |    52 ||   161

Table legend:
 A = Non-vault XP
 B = Vault XP
 C = Vault XP percentage of total XP
 D = Non-vault monster count
 E = Vault monster count
 F = Vault count percentage of total count
                 A         B        C        D         E       F
            +---------+---------+-------+---------+---------+-------
      Total |    1040 |    1183 |  53.2 |     109 |      24 |  18.0
            +---------+---------+-------+---------+---------+-------
        D:1 |      35 |       0 |   0.0 |      19 |       0 |   0.0
        D:2 |      60 |       0 |   0.0 |      12 |       0 |   0.0
        D:3 |     193 |       0 |   0.0 |      33 |       0 |   0.0
        D:4 |     410 |       0 |   0.0 |      30 |       0 |   0.0
        D:5 |     320 |    1019 |  76.1 |      14 |       9 |  39.1
        D:6 |      22 |       0 |   0.0 |       1 |       0 |   0.0
      Sewer |       0 |     164 | 100.0 |       0 |      15 | 100.0
            +---------+---------+-------+---------+---------+-------
